 Dungeon Crawl Stone Soup version 0.32-a0-172-gc5dd13f2a7 (webtiles) character file.

Game seed: 106685839702882581

80 zenocrate the Sneak (level 4, 0/28 HPs)
             Began as a Kobold Delver on Feb 13, 2024.
             Splashed by a jelly's acid (6 damage)
             ... on level 4 of the Dungeon.
             The game lasted 00:00:17 (184 turns).

zenocrate the Sneak (Kobold Delver)                  Turns: 184, Time: 00:00:18

Health: 0/28       AC:  3    Str:  9    XL:     4   Next: 65%
Magic:  4/4        EV: 15    Int: 11    God:
Gold:   16         SH:  0    Dex: 18    Spells: 3/3 levels left

rFire   . . .        a - +0 short sword
rCold   . . .        (no shield)
rNeg    . . .        b - +0 leather armour
rPois   .            (no helmet)
rElec   .            (no cloak)
rCorr   .            (no gloves)
SInv    .            (no boots)
Will    .....        (no amulet)
Stlth   +++++        (no ring)
HPRegen 0.24/turn    (no ring)
MPRegen 0.09/turn

%: no passive effects
@: no status effects
A: small, no large weapons, nightstalker 3
a: no special abilities


You were on level 4 of the Dungeon.
You visited 1 branch of the dungeon, and saw 2 of its levels.

You collected 16 gold pieces.

Inventory:

Hand Weapons
 a - a +0 short sword (weapon)
Armour
 b - a +0 leather armour (worn)
Wands
 g - a wand of digging (3)
Scrolls
 c - a scroll of fog
 d - a scroll of revelation
 e - a scroll of fear
Potions
 f - a potion of haste


   Skills:
 - Level 3.2 Fighting
 * Level 4.1 Short Blades
 + Level 3.7 Dodging
 + Level 7.4 Stealth


You had 3 spell levels left.
You didn't know any spells.
Your spell library was empty.

Dungeon Overview and Level Annotations

Branches:
Dungeon (5/15)
 Temple: D:4-7

Altars:


Innate Abilities, Weirdness & Mutations

You are small and have problems with some larger weapons.
You are completely attuned to the shadows.


Message History

Increase (S)trength, (I)ntelligence, or (D)exterity?
You feel agile. x2
You have reached level 4!
Unknown command.
You see here a +0 shortbow.
There is a stone staircase leading up here.
You start resting.
HP restored.
You climb upwards.
There is a stone staircase leading down here.
You now have 9 gold pieces.
Found a leather armour.
Found a robe.
No target in view!
You now have 16 gold pieces (gained 7).
You open the door.
There is an open door here.
A jelly comes into view.
A jelly is nearby!
The jelly quivers.
The jelly hits you but does no damage.
You hit the jelly.
Your hands burn!
The jelly is moderately wounded.
Unknown command.
You hit the jelly.
Your hands burn!
The jelly is severely wounded.
The jelly closely misses you.
You completely miss the jelly.
The jelly is severely wounded.
The jelly hits you.
You are splashed with acid!
You hit the jelly but do no damage.
Your hands burn!
The jelly is severely wounded.
The jelly hits you but does no damage.
Unknown command.
You hit the jelly.
Your hands burn!
The jelly is almost dead.
The jelly hits you.
* * * LOW HITPOINT WARNING * * *
You are splashed with acid.
You die...

###. .# ....###.# .. ....
...#....# ....##..#....#
...J@........##
######..##.....
.......'.....
#......##############.....
#......#>.................
#......#.####......[...#..
#..........##.............
#..........##............#
##.........##............#


You could see a jelly.

Vanquished Creatures
  A centaur (D:5)
1 creature vanquished.

Notes
Turn   | Place    | Note
-------+----------+-------------------------------------------
     0 | D:5      | zenocrate the Kobold Delver began the quest for the Orb.
     0 | D:5      | Reached XP level 1. HP: 14/14 MP: 1/1
    13 | D:5      | Noticed a centaur
    24 | D:5      | Killed a centaur
    25 | D:5      | Reached skill level 7 in Stealth
    25 | D:5      | Reached XP level 2. HP: 3/19 MP: 2/2
    25 | D:5      | Reached XP level 3. HP: 3/23 MP: 3/3
    25 | D:5      | Reached XP level 4. HP: 4/28 MP: 4/4
   184 | D:4      | Splashed by a jelly's acid

Illustrated notes

Levels and vault maps discovered:
D:4:      layout_basic, mainiacjoe_overflow_small_starburst,
          kennysheep_minor_cross
D:5:      layout_cave_pools, nicolae_overflow_squiral

Skill      XL: |  1 |
---------------+----+-----
Short Blades   | 4 |  4.1
Dodging        | 3 |  3.7
Stealth        | 7 |  7.4
Fighting       | |  3.2

Action                     |  1- 3 |  4- 6 || total
---------------------------+-------+-------++-------
  Melee: Short sword       |     8 |     5 ||    13
   Stab: Sleeping          |     1 |       ||     1
 Armour: Leather armour    |     5 |     4 ||     9
  Dodge: Dodged            |    13 |     1 ||    14

Table legend: (Time is in decaauts)
 A = Elapsed time spent in this place.
 B = Non-inter-level travel time spent in this place.
 C = Inter-level travel time spent in this place.
 D = Time resting spent in this place.
 E = Time spent auto-exploring this place.
 F = Levels seen in this place.
 G = Mean time per level.
                   A        B        C        D        E       F      G
               +--------+--------+--------+--------+--------+-----+--------+
         Total |    182 |    182 |      0 |     96 |     62 |   2 |   91.0 |
       Dungeon |    182 |    182 |      0 |     96 |     62 |   2 |   91.0 |
               +--------+--------+--------+--------+--------+-----+--------+

Top non-repeatable levels by time:
     D:5: 123 daAuts
     D:4: 59 daAuts
